 Dungeon Crawl Stone Soup version 0.25.1-1-g288607f5aa (webtiles) character file.

Game seed: 7842519660465620331

67 Curus the Poker (level 3, -9/31 HPs)
             Began as a Minotaur Abyssal Knight on July 28, 2020.
             Was a Believer of Lugonu.
             Mangled by an orc
             ... wielding a +0 war axe
              (10 damage)
             ... on level 3 of the Dungeon.
             The game lasted 00:11:11 (2228 turns).

Curus the Poker (Minotaur Abyssal Knight)           Turns: 2228, Time: 00:11:12

Health: -9/31      AC:  5    Str: 14 (16) XL:     3   Next: 98%
Magic:  4/4        EV: 10    Int:  7      God:    Lugonu [**....]
Gold:   136        SH:  0    Dex:  9 (10) Spells: 2/2 levels left

rFire    . . .     SeeInvis .   a - +2 spear
rCold    . . .     Gourm    .   (no shield)
rNeg     . . .     Faith    .   e - +0 ring mail
rPois    .         Spirit   .   (helmet restricted)
rElec    .         Reflect  .   (no cloak)
rCorr    .         Harm     .   (no gloves)
MR       .....     Clarity  +   (no boots)
Stlth    ..........             (no amulet)
HPRegen  0.10/turn              (no ring)
MPRegen  0.09/turn              (no ring)

@: no status effects
A: retaliatory headbutt, horns 2, clarity, dopey 1, high mp 1
a: Depart the Abyss, Bend Space, Renounce Religion


You were on level 3 of the Dungeon.
You worshipped Lugonu.
Lugonu was pleased with you.
You were very hungry.

You visited 1 branch of the dungeon, and saw 3 of its levels.
You visited the Abyss 1 time.

You collected 136 gold pieces.

Inventory:

Hand Weapons
 a - a +2 spear (weapon)
Armour
 b - a +0 leather armour
 e - a +0 ring mail (worn)
Scrolls
 g - a scroll of teleportation
 h - a scroll of identify
Potions
 f - a potion of ambrosia
Comestibles
 c - 7 rations


   Skills:
 - Level 3.6 Fighting
 + Level 4.0 Polearms
 - Level 2.4 Armour
 - Level 1.1 Dodging
 + Level 3.2 Invocations


You had 2 spell levels left.
You didn't know any spells.
Your spell library was empty.

Dungeon Overview and Level Annotations

Branches:
Dungeon (3/15)

Altars:

Annotations:
D:3 Grinder


Innate Abilities, Weirdness & Mutations

You reflexively headbutt those who attack you in melee.
You have a pair of horns on your head.
You possess an exceptional clarity of mind.
You are dopey. (Int -2)
You have an increased reservoir of magic. (+10% MP)


Message History

The orc hits you but does no damage. x2
You hit the orc priest. Your headbutt misses the orc priest.
The orc priest is lightly wounded.
The orc wizard closely misses you. The orc priest barely misses you.
You furiously retaliate!
You headbutt the orc priest. The orc closely misses you.
The orc hits you with a +0 war axe!
* * * LOW HITPOINT WARNING * * *
You barely miss the orc priest.
The orc priest is moderately wounded.
The orc closely misses you. You furiously retaliate!
You headbutt the orc!
You kill the orc!
Lugonu accepts your kill.
The orc wizard hits you but does no damage.
The orc priest hits you.
* * * LOW HITPOINT WARNING * * *
The orc barely misses you.
You hit the orc priest.
The orc priest is heavily wounded.
The orc hits you with a +0 war axe!
You die...

..##..........##.....####.#......
..##..........##.....# #........
..##..........##.....# ##....<..
..##..........##.....# ###.......
..##..........##....## #.........
#.##..........##....# #.#.......
........<....##....# #.#.......
.#.#####'##...#.o..# #.......##
#.#####.##...o@...# ###...#.##
.......^.....).o..# #.....#.
...............o..# ####..#.
..................# ####....
.........#........######.......
.........#......####...........
.........#......# #........>..
.........#......# #...........
........#......# #...........


You could see an orc priest, an orc wizard and 2 orcs.

Vanquished Creatures
  2 oozes
  A worm (D:3)
  2 dart slugs
  An orc (D:3)
  5 giant cockroaches
  7 goblins
  4 hobgoblins
  6 kobolds
  2 quokkas
  9 bats
  4 frilled lizards
  6 rats
49 creatures vanquished.

Vanquished Creatures (others)
  A goblin (D:2)
1 creature vanquished.

Grand Total: 50 creatures vanquished

Notes
Turn   | Place    | Note
-------+----------+-------------------------------------------
     0 | Abyss:1  | Curus the Minotaur Abyssal Knight began the quest for the
                  | Orb.
     0 | Abyss:1  | Reached XP level 1. HP: 19/19 MP: 1/1
    26 | Abyss:1  | Noticed a raiju
    27 | D:1      | Escaped the Abyss
   280 | D:1      | Reached skill level 3 in Polearms
   280 | D:1      | Reached XP level 2. HP: 25/26 MP: 2/2
   517 | D:1      | Reached * piety under Lugonu
   632 | D:1      | Reached XP level 3. HP: 29/31 MP: 4/4
   914 | D:2      | Gained mutation: You are dopey. (Int -2) [potion of
                  | mutation]
   914 | D:2      | Gained mutation: You possess an exceptional clarity of
                  | mind. [potion of mutation]
   914 | D:2      | Gained mutation: You have an increased reservoir of magic.
                  | (+10% MP) [potion of mutation]
  1838 | D:3      | Reached ** piety under Lugonu
  1838 | D:3      | Reached skill level 4 in Polearms
  1848 | D:3      | Noticed Grinder
  1856 | D:3      | HP: 1/31 [Grinder/nerve-wracking pain (1)]
  2227 | D:3      | HP: 1/31 [orc priest (2)]
  2228 | D:3      | Mangled by an orc

Illustrated notes

Levels and vault maps discovered:
D:1:      minmay_arrival_nine_rooms, layout_loops_corners
D:2:      layout_loops_cross
D:3:      layout_basic, first_ration, kennysheep_nub, uniq_grinder

Skill      XL: |  1  2  3 |
---------------+----------+-----
Invocations    | 2 3 |  3.2
Polearms       | 3 4 |  4.0
Fighting       | |  3.6
Armour         | |  2.4
Dodging        | |  1.1

Action                   || total
-------------------------++-------
Melee: Spear             ||   138
       Headbutt          ||    16
Invok: Depart the Abyss  ||     1
  Use: Scroll            ||     5
       Potion            ||     6
  Eat: Chunk             ||     3
Armor: Leather armour    ||     3
       Ring mail         ||    35
Dodge: Dodged            ||    59
